 Dungeon Crawl Stone Soup version 0.26-a0-812-g31a745ddcd (webtiles) character file.

Game seed: 9135211130600866404

184 marklar909 the Ruffian (level 5, -1/41 HPs)
             Began as a Draconian Transmuter on Nov 14, 2020.
             Slain by a gnoll
             ... wielding a +0 flail
              (12 damage)
             ... on level 2 of the Dungeon.
             The game lasted 00:02:21 (2476 turns).

marklar909 the Ruffian (Draconian Transmuter)       Turns: 2476, Time: 00:02:21

Health: -1/41      AC:  5    Str: 14    XL:     5   Next: 36%
Magic:  7/8        EV: 12    Int: 13    God:
Gold:   93         SH:  0    Dex: 11    Spells: 2/8 levels left

rFire    . . .     SeeInvis .     - Unarmed
rCold    . . .     Faith    .   (no shield)
rNeg     . . .     Spirit   .   (armour unavailable)
rPois    .         Reflect  .   (helmet currently unavailable)
rElec    .         Harm     .   (no cloak)
rCorr    .         Rampage  .   (no gloves)
MR       .....                  (boots currently unavailable)
Stlth    +.........             (no amulet)
HPRegen  0.13/turn              (no ring)
MPRegen  0.11/turn              (no ring)

@: appendages (expiring)
A: unfitting armour, horns 2, talons 2, cold-blooded, AC +5
a: End Transformation


You were on level 2 of the Dungeon.
You had grown temporary horns.
You had grown temporary talons.
You visited 1 branch of the dungeon, and saw 3 of its levels.

You collected 93 gold pieces.

Inventory:

Scrolls
 g - 2 scrolls of teleportation {unknown}
 h - a scroll of amnesia {unknown}
 i - a scroll of identify {unknown}
 j - 2 scrolls of remove curse {unknown}
Potions
 a - a potion of experience {unknown}
 b - a potion of magic {unknown}
 c - 2 potions of might {unknown}
 d - 2 potions of lignification {unknown}
 e - a potion of haste {unknown}
 f - 2 potions of heal wounds {unknown}
 k - a potion of berserk rage {unknown}
 l - a potion of curing {unknown}


   Skills:
 * Level 2.1 Fighting
 * Level 2.6 Dodging
 + Level 0.1 Stealth
 + Level 4.0 Unarmed Combat
 - Level 2.0 Spellcasting
 * Level 4.0 Transmutations


You had 2 spell levels left.
You knew the following spells:

 Your Spells              Type           Power        Failure   Level
a - Beastly Appendage     Tmut           ##....       4%          1
b - Wereblood             Tmut           ##......     8%          2
c - Spider Form           Tmut/Pois      #.........   32%         3

Your spell library contained the following spells:

 Spells                   Type           Power        Failure   Level
 Ice Form                 Ice/Tmut       #.......     73%         4
 Blade Hands              Tmut           ##........   80%         5


Dungeon Overview and Level Annotations

Branches:
Dungeon (3/15)

Altars:
Trog


Innate Abilities, Weirdness & Mutations

Your plain brown scales are hard. (AC +5)
You cannot fit into any form of body armour.
You are cold-blooded and may be slowed by cold attacks.
You have a pair of horns on your head.
You have razor-sharp toenails.


Message History

Unknown command.
Your primal bloodlust has ended.
There is a stone staircase leading up here.
Your transformation is almost over.
The gnoll hits you but does no damage.
You climb upwards.
There is a stone staircase leading down here.
Unknown command.
You hit the gnoll but do no damage. You claw the gnoll, but do no damage.
The gnoll is heavily wounded.
The gnoll hits you with a +0 flail.
* * * LOW HITPOINT WARNING * * *
Unknown command.
You barely miss the gnoll.
Your tail-slap misses the gnoll.
The gnoll is heavily wounded.
Unknown command.
You hit the gnoll but do no damage. You headbutt the gnoll.
The gnoll is almost dead.
The gnoll hits you with a +0 flail!
You die...

####.###..........#....##
####.. ###(.#
######...#.......#######..
.##.###
#.#.......#..........
......#####
#....####..########..
###...>.((####...#
#............
#.###......##..##
#............ #.#
###.####8..8###............
#.#
#..........##...[......#.
#.#
###.#...@g.##..........#.
#.# #..#8..8#####..#######.
###.# ####.###..##.###.##
#. ##..# #....#
#.........#### #.
...#####.####
#####........### #.
#........# ##...###...###.
..####..### ##### ###.....
..###†....### #.....
#.##..###...###### #...(.


You could see a gnoll.

Vanquished Creatures
  A centaur skeleton (D:2)
  Jessica (D:2)
  Natasha (thrice) (D:2)
  A gnoll (D:3)
  An adder (D:2)
  3 worms (D:2)
  A dart slug (D:2)
  2 leopard geckos (D:1)
  3 giant cockroaches
  3 goblins
  4 hobgoblins
  A ball python (D:2)
  A bat (D:1)
  2 kobolds
  8 rats
35 creatures vanquished.

Notes
Turn   | Place    | Note
-------+----------+-------------------------------------------
     0 | D:1      | marklar909 the Draconian Transmuter began the quest for the
                  | Orb.
     0 | D:1      | Reached XP level 1. HP: 16/16 MP: 3/3
   626 | D:1      | Reached XP level 2. HP: 23/23 MP: 3/5
   929 | D:2      | Learned a level 2 spell: Wereblood
  1179 | D:2      | Reached XP level 3. HP: 28/28 MP: 3/6
  1180 | D:2      | Noticed Jessica
  1187 | D:2      | Killed Jessica
  1581 | D:2      | Noticed Natasha
  1592 | D:2      | Killed Natasha
  1592 | D:2      | Reached XP level 4. HP: 6/36 MP: 4/7
  1597 | D:2      | Learned a level 3 spell: Spider Form
  2022 | D:2      | Noticed a moth of wrath
  2025 | D:2      | Found a bloodstained altar of Trog.
  2154 | D:2      | Noticed Natasha
  2160 | D:2      | Killed Natasha
  2256 | D:2      | Reached XP level 5. HP: 33/41 MP: 4/8
  2392 | D:2      | Noticed Natasha
  2400 | D:2      | Killed Natasha
  2476 | D:2      | Slain by a gnoll

Illustrated notes

Levels and vault maps discovered:
D:1:      nicolae_arrival_memento_mori, layout_basic, supply_closet_lemuel,
          lemuel_old_faithful
D:2:      layout_rooms, tgw_trog, st_stairs_6, uniq_natasha, uniq_jessica
D:3:      layout_basic, serial_curves, eino_curves_03, eino_curves_02

Skill      XL: |  1  2  3  4  5 |
---------------+----------------+-----
Dodging        | 2 |  2.6
Transmutations | 3 4 |  4.0
Fighting       | 2 |  2.1
Unarmed Combat | 4 |  4.0
Stealth        | |  0.1
Spellcasting   | |  2.0

Action                   |  1- 3 |  4- 6 || total
-------------------------+-------+-------++-------
Melee: Unarmed           |    84 |    34 ||   118
       Kick              |    14 |     8 ||    22
       Tailslap          |     8 |     5 ||    13
       Headbutt          |     5 |     8 ||    13
       Punch             |     1 |       ||     1
 Cast: Beastly Appendage |    17 |     8 ||    25
       Wereblood         |     7 |     5 ||    12
Armor: Skin              |     8 |     7 ||    15
Dodge: Dodged            |    48 |    21 ||    69

Table legend: (Time is in decaauts)
 A = Elapsed time spent in this place.
 B = Non-inter-level travel time spent in this place.
 C = Inter-level travel time spent in this place.
 D = Time resting spent in this place.
 E = Time spent auto-exploring this place.
 F = Levels seen in this place.
 G = Mean time per level.
                   A        B        C        D        E       F      G
               +--------+--------+--------+--------+--------+-----+--------+
         Total |   2469 |   2303 |    166 |     32 |   1980 |   3 |  823.0 |
       Dungeon |   2469 |   2303 |    166 |     32 |   1980 |   3 |  823.0 |
               +--------+--------+--------+--------+--------+-----+--------+

Top non-repeatable levels by time:
     D:2: 1701 daAuts
     D:1: 739 daAuts
     D:3: 28 daAuts
